[ AOE2 MATCH · #508389257 ]
UnrankedMalians vs Celts
Player's team · WIN
Rival team · LOSS
[ REPLAY ANALYSIS · EXTRACTED FROM THE RECORDED GAME ]
Feudal
11:23
Castle
20:37
Imperial
—
| APM avg | 82.5 |
| APM peak | 119 |
| eAPM avg | 36.1 |
| Villagers / military | 103 / 50 |
Focus
⚔️ 35.8% · 🌾 64.2%
Gbeto ×25 · Archer ×12 · Battering Ram ×4 · Monk ×3 · Militia ×3 · Mangonel ×3
Feudal
8:51
Castle
21:50
Imperial
—
| APM avg | 49.4 |
| APM peak | 87 |
| eAPM avg | 22.3 |
| Villagers / military | 66 / 38 |
Focus
⚔️ 43.4% · 🌾 56.6%
Battering Ram ×8 · Archer ×7 · Scorpion ×7 · Skirmisher ×6 · Woad Raider ×6 · Militia ×3
Match map
Initial resources + every placement click. Lines = walls · curves = elevation contours. ◆ gold · ⬟ stone · ● berries · ✦ relic · ◌ wall gap
Your base· Open — unwalled flank
105er.Buttermilch's base· ✓ Closed at 21:50 · 42t walls · 1 gate(s)
Smoothed initial terrain · ◌ = detected wall gap · hover for details
Inputs per minute
— NOC | komtan - - 105er.Buttermilch
Build order — NOC | komtan
First 150 of 291 actions detected
| 0:00 | Queue | Villager (Male) |
| 0:01 | Queue | Villager (Male) |
| 0:01 | Queue | Villager (Male) |
| 0:02 | Build | House |
| 0:02 | Queue | Villager (Male) |
| 0:03 | Queue | Villager (Male) |
| 0:04 | Build | House |
| 1:25 | Queue | Villager (Male) |
| 1:26 | Queue | Villager (Male) |
| 1:26 | Queue | Villager (Male) |
| 1:59 | Queue | Villager (Male) |
| 1:59 | Queue | Villager (Male) |
| 2:04 | Build | Lumber Camp |
| 2:14 | Queue | Villager (Male) |
| 2:14 | Queue | Villager (Male) |
| 2:43 | Queue | Villager (Male) |
| 2:43 | Queue | Villager (Male) |
| 2:59 | Queue | Villager (Male) |
| 3:21 | Queue | Villager (Male) |
| 3:21 | Queue | Villager (Male) |
| 3:47 | Queue | Villager (Male) |
| 3:47 | Queue | Villager (Male) |
| 3:52 | Build | House |
| 4:19 | Queue | Villager (Male) |
| 4:21 | Build | Barracks |
| 4:46 | Queue | Villager (Male) |
| 4:47 | Queue | Villager (Male) |
| 5:03 | Build | House |
| 5:16 | Queue | Militia |
| 5:16 | Queue | Militia |
| 5:16 | Queue | Militia |
| 5:25 | Queue | Villager (Male) |
| 5:25 | Queue | Villager (Male) |
| 5:36 | Build | House |
| 5:40 | Build | Palisade Wall |
| 5:47 | Build | Palisade Wall |
| 5:48 | Queue | Villager (Male) |
| 6:01 | Queue | Villager (Male) |
| 6:15 | Build | Palisade Wall |
| 6:19 | Build | Mill |
| 6:28 | Queue | Villager (Male) |
| 6:42 | Queue | Villager (Male) |
| 6:43 | Queue | Villager (Male) |
| 7:07 | Build | Palisade Wall |
| 7:09 | Build | Palisade Wall |
| 7:11 | Build | Palisade Wall |
| 7:31 | Build | Palisade Wall |
| 7:35 | Queue | Villager (Male) |
| 7:35 | Queue | Villager (Male) |
| 7:40 | Build | Palisade Wall |
| 7:52 | Queue | Villager (Male) |
| 7:54 | Build | Farm |
| 7:59 | Build | Palisade Wall |
| 8:00 | Build | Palisade Wall |
| 8:10 | Research | Loom |
| 8:14 | Queue | Villager (Male) |
| 8:15 | Research | Loom |
| 8:25 | Build | Farm |
| 8:43 | Build | Palisade Wall |
| 8:47 | Build | Palisade Wall |
| 9:13 | Research | Feudal Age |
| 10:10 | Build | Palisade Wall |
| 10:12 | Build | Palisade Wall |
| 10:14 | Build | House |
| 10:20 | Build | Palisade Wall |
| 10:21 | Build | Palisade Wall |
| 10:22 | Build | Palisade Wall |
| 10:31 | Build | Palisade Wall |
| 10:45 | Build | Palisade Wall |
| 10:56 | Build | Palisade Wall |
| 11:03 | Build | Palisade Wall |
| 11:08 | Queue | Villager (Male) |
| 11:17 | Build | Mining Camp |
| 11:23 | Age | Feudal Age |
| 11:27 | Build | Archery Range |
| 11:42 | Build | Palisade Wall |
| 11:48 | Research | Double-Bit Axe |
| 11:48 | Queue | Villager (Male) |
| 11:53 | Build | Blacksmith |
| 12:08 | Build | Farm |
| 12:09 | Queue | Archer |
| 12:11 | Queue | Villager (Male) |
| 12:17 | Build | Farm |
| 12:30 | Queue | Villager (Male) |
| 12:36 | Build | Farm |
| 12:44 | Build | Farm |
| 12:54 | Queue | Archer |
| 13:05 | Queue | Villager (Male) |
| 13:11 | Build | House |
| 13:15 | Build | House |
| 13:17 | Build | Palisade Wall |
| 13:21 | Build | Palisade Wall |
| 13:22 | Build | Palisade Wall |
| 13:22 | Queue | Villager (Male) |
| 13:26 | Queue | Archer |
| 13:29 | Build | Farm |
| 13:35 | Build | Farm |
| 13:50 | Research | Fletching |
| 13:51 | Research | Fletching |
| 13:51 | Queue | Villager (Male) |
| 13:56 | Queue | Archer |
| 14:02 | Build | Palisade Wall |
| 14:12 | Build | House |
| 14:13 | Queue | Villager (Male) |
| 14:21 | Queue | Villager (Male) |
| 14:35 | Build | Farm |
| 14:40 | Queue | Archer |
| 14:50 | Build | Palisade Wall |
| 14:54 | Queue | Archer |
| 14:59 | Build | Farm |
| 15:08 | Queue | Villager (Male) |
| 15:24 | Queue | Villager (Male) |
| 15:27 | Queue | Villager (Male) |
| 15:43 | Build | Farm |
| 15:43 | Build | Farm |
| 16:01 | Queue | Archer |
| 16:02 | Queue | Villager (Male) |
| 16:21 | Queue | Villager (Male) |
| 16:22 | Queue | Archer |
| 16:46 | Queue | Villager (Male) |
| 16:49 | Queue | Archer |
| 17:11 | Queue | Villager (Male) |
| 17:37 | Build | Farm |
| 17:50 | Build | Lumber Camp |
| 17:57 | Research | Castle Age |
| 17:59 | Queue | Archer |
| 18:06 | Build | House |
| 18:23 | Queue | Archer |
| 18:34 | Research | Stone Mining |
| 18:34 | Research | Stone Mining |
| 18:47 | Build | House |
| 18:50 | Build | Palisade Wall |
| 19:05 | Research | Gold Mining |
| 19:14 | Research | Horse Collar |
| 19:18 | Queue | Archer |
| 19:25 | Build | House |
| 19:26 | Build | House |
| 19:34 | Build | House |
| 19:34 | Build | House |
| 19:40 | Build | House |
| 20:15 | Queue | Villager (Male) |
| 20:37 | Age | Castle Age |
| 20:40 | Research | Crossbowman (upgrade) |
| 20:45 | Research | Bodkin Arrow |
| 20:45 | Research | Bodkin Arrow |
| 20:47 | Queue | Villager (Male) |
| 21:01 | Build | House |
| 21:09 | Build | Monastery |
| 21:17 | Build | Castle |
| 21:38 | Queue | Villager (Male) |
Build order — 105er.Buttermilch
First 150 of 203 actions detected
| 0:01 | Queue | Villager (Male) |
| 0:02 | Build | House |
| 0:04 | Build | House |
| 0:07 | Queue | Villager (Male) |
| 0:12 | Queue | Villager (Male) |
| 0:12 | Queue | Villager (Male) |
| 1:15 | Queue | Villager (Male) |
| 1:50 | Queue | Villager (Male) |
| 2:11 | Build | Lumber Camp |
| 2:27 | Queue | Villager (Male) |
| 2:42 | Queue | Villager (Male) |
| 2:51 | Queue | Villager (Male) |
| 3:26 | Build | House |
| 3:39 | Queue | Villager (Male) |
| 3:43 | Queue | Villager (Male) |
| 4:02 | Queue | Villager (Male) |
| 4:10 | Queue | Villager (Male) |
| 4:31 | Queue | Villager (Male) |
| 5:02 | Queue | Villager (Male) |
| 5:04 | Research | Loom |
| 5:10 | Build | Barracks |
| 5:21 | Queue | Villager (Male) |
| 6:34 | Build | Mining Camp |
| 6:39 | Research | Feudal Age |
| 6:53 | Queue | Militia |
| 6:57 | Build | House |
| 7:08 | Queue | Militia |
| 7:15 | Build | House |
| 7:35 | Queue | Militia |
| 8:25 | Queue | Villager (Male) |
| 8:51 | Age | Feudal Age |
| 8:57 | Research | Man-at-Arms (upgrade) |
| 9:05 | Build | Mill |
| 9:06 | Queue | Villager (Male) |
| 9:17 | Queue | Villager (Male) |
| 9:25 | Build | Palisade Wall |
| 9:48 | Build | Palisade Wall |
| 9:58 | Queue | Villager (Male) |
| 10:00 | Queue | Villager (Male) |
| 10:32 | Queue | Villager (Male) |
| 10:33 | Queue | Villager (Male) |
| 10:46 | Build | Archery Range |
| 11:13 | Build | Farm |
| 11:13 | Build | Farm |
| 11:13 | Build | Farm |
| 11:13 | Build | Farm |
| 11:14 | Build | Farm |
| 11:23 | Research | Arson |
| 11:23 | Research | Arson |
| 11:32 | Build | House |
| 11:33 | Build | House |
| 11:34 | Queue | Archer |
| 11:35 | Queue | Archer |
| 11:43 | Queue | Villager (Male) |
| 12:09 | Queue | Archer |
| 12:24 | Build | House |
| 12:29 | Queue | Villager (Male) |
| 12:50 | Queue | Archer |
| 12:54 | Build | Farm |
| 13:02 | Queue | Villager (Male) |
| 13:19 | Build | Farm |
| 13:24 | Queue | Villager (Male) |
| 13:35 | Queue | Villager (Male) |
| 13:36 | Build | Farm |
| 13:37 | Queue | Archer |
| 13:40 | Build | Blacksmith |
| 13:59 | Build | Farm |
| 13:59 | Queue | Villager (Male) |
| 14:02 | Build | Palisade Wall |
| 14:04 | Build | Palisade Wall |
| 14:04 | Build | Palisade Wall |
| 14:08 | Build | Palisade Wall |
| 14:08 | Build | Palisade Wall |
| 14:23 | Queue | Villager (Male) |
| 14:28 | Build | House |
| 14:34 | Research | Fletching |
| 14:34 | Research | Fletching |
| 14:54 | Queue | Villager (Male) |
| 15:34 | Queue | Villager (Male) |
| 15:35 | Queue | Villager (Male) |
| 15:37 | Build | Farm |
| 15:38 | Build | Farm |
| 15:38 | Build | Farm |
| 15:41 | Build | Farm |
| 15:59 | Queue | Villager (Male) |
| 16:04 | Build | House |
| 16:11 | Queue | Archer |
| 16:21 | Queue | Archer |
| 16:24 | Build | Market |
| 16:25 | Build | House |
| 16:26 | Build | Palisade Wall |
| 16:27 | Queue | Villager (Male) |
| 16:32 | Queue | Skirmisher |
| 16:53 | Build | Palisade Gate |
| 16:57 | Build | Palisade Wall |
| 16:58 | Build | Palisade Wall |
| 17:01 | Queue | Villager (Male) |
| 17:06 | Build | Farm |
| 17:13 | Queue | Skirmisher |
| 17:19 | Build | Farm |
| 17:33 | Queue | Villager (Male) |
| 17:57 | Queue | Villager (Male) |
| 18:18 | Build | Mining Camp |
| 18:21 | Queue | Skirmisher |
| 18:37 | Queue | Villager (Male) |
| 18:48 | Queue | Skirmisher |
| 19:10 | Research | Castle Age |
| 19:14 | Queue | Skirmisher |
| 19:20 | Build | House |
| 19:21 | Build | Palisade Wall |
| 19:22 | Build | Palisade Wall |
| 19:22 | Build | Palisade Wall |
| 19:23 | Build | Palisade Wall |
| 19:32 | Queue | Skirmisher |
| 19:59 | Research | Double-Bit Axe |
| 20:33 | Research | Gold Mining |
| 20:45 | Build | Farm |
| 21:09 | Queue | Villager (Male) |
| 21:50 | Age | Castle Age |
| 21:55 | Build | Siege Workshop |
| 22:10 | Build | Castle |
| 22:39 | Research | Wheelbarrow |
| 22:58 | Queue | Villager (Male) |
| 23:03 | Build | Lumber Camp |
| 23:12 | Queue | Villager (Male) |
| 23:16 | Queue | Battering Ram |
| 23:18 | Queue | Battering Ram |
| 23:23 | Build | Farm |
| 23:31 | Queue | Scorpion |
| 23:31 | Queue | Battering Ram |
| 23:33 | Queue | Woad Raider |
| 23:45 | Research | Bow Saw |
| 24:04 | Queue | Scorpion |
| 24:24 | Queue | Villager (Male) |
| 24:38 | Queue | Scorpion |
| 24:43 | Build | Siege Workshop |
| 24:46 | Queue | Villager (Male) |
| 24:53 | Build | Town Center |
| 25:10 | Queue | Villager (Male) |
| 25:16 | Queue | Villager (Male) |
| 25:27 | Queue | Scorpion |
| 25:27 | Queue | Scorpion |
| 25:28 | Queue | Villager (Male) |
| 25:30 | Build | University |
| 25:37 | Build | Farm |
| 25:49 | Queue | Villager (Male) |
| 25:57 | Queue | Battering Ram |
| 25:58 | Queue | Villager (Male) |
| 26:11 | Queue | Battering Ram |
| 26:33 | Research | Town Watch |
Match timeline
| 4:21 | NOC | komtan · first_building Barracks |
| 5:10 | 105er.Buttermilch · first_building Barracks |
| 5:40 | NOC | komtan · wall_segment Palisade Wall x6 |
| 5:47 | NOC | komtan · wall_segment Palisade Wall x3 |
| 6:15 | NOC | komtan · wall_segment Palisade Wall x10 |
| 7:07 | NOC | komtan · wall_segment Palisade Wall x1 |
| 7:09 | NOC | komtan · wall_segment Palisade Wall x2 |
| 7:11 | NOC | komtan · wall_segment Palisade Wall x6 |
| 7:31 | NOC | komtan · wall_segment Palisade Wall x9 |
| 7:40 | NOC | komtan · wall_segment Palisade Wall x1 |
| 7:59 | NOC | komtan · wall_segment Palisade Wall x1 |
| 8:00 | NOC | komtan · wall_segment Palisade Wall x1 |
| 8:43 | NOC | komtan · wall_segment Palisade Wall x1 |
| 8:47 | NOC | komtan · wall_segment Palisade Wall x5 |
| 8:51 | 105er.Buttermilch · age_up feudal |
| 9:25 | 105er.Buttermilch · wall_segment Palisade Wall x1 |
| 9:48 | 105er.Buttermilch · wall_segment Palisade Wall x1 |
| 10:10 | NOC | komtan · wall_segment Palisade Wall x1 |
| 10:12 | NOC | komtan · wall_segment Palisade Wall x1 |
| 10:20 | NOC | komtan · wall_segment Palisade Wall x1 |
| 10:21 | NOC | komtan · wall_segment Palisade Wall x1 |
| 10:22 | NOC | komtan · wall_segment Palisade Wall x1 |
| 10:31 | NOC | komtan · wall_segment Palisade Wall x1 |
| 10:45 | NOC | komtan · wall_segment Palisade Wall x1 |
| 10:46 | 105er.Buttermilch · first_building Archery Range |
| 10:56 | NOC | komtan · wall_segment Palisade Wall x1 |
| 11:03 | NOC | komtan · wall_segment Palisade Wall x1 |
| 11:23 | NOC | komtan · age_up feudal |
| 11:27 | NOC | komtan · first_building Archery Range |
| 11:42 | NOC | komtan · wall_segment Palisade Wall x1 |
| 13:17 | NOC | komtan · wall_segment Palisade Wall x1 |
| 13:21 | NOC | komtan · wall_segment Palisade Wall x1 |
| 13:22 | NOC | komtan · wall_segment Palisade Wall x1 |
| 14:02 | NOC | komtan · wall_segment Palisade Wall x1 |
| 14:02 | 105er.Buttermilch · wall_segment Palisade Wall x1 |
| 14:04 | 105er.Buttermilch · wall_segment Palisade Wall x4 |
| 14:04 | 105er.Buttermilch · wall_segment Palisade Wall x6 |
| 14:08 | 105er.Buttermilch · wall_segment Palisade Wall x4 |
| 14:08 | 105er.Buttermilch · wall_segment Palisade Wall x14 |
| 14:50 | NOC | komtan · wall_segment Palisade Wall x1 |
| 16:26 | 105er.Buttermilch · wall_segment Palisade Wall x1 |
| 16:57 | 105er.Buttermilch · wall_segment Palisade Wall x5 |
| 16:58 | 105er.Buttermilch · wall_segment Palisade Wall x1 |
| 18:00 | 105er.Buttermilch · first_market_buy 100 food |
| 18:01 | 105er.Buttermilch · first_market_sell 100 wood |
| 18:50 | NOC | komtan · wall_segment Palisade Wall x1 |
| 19:21 | 105er.Buttermilch · wall_segment Palisade Wall x1 |
| 19:22 | 105er.Buttermilch · wall_segment Palisade Wall x1 |
| 19:22 | 105er.Buttermilch · wall_segment Palisade Wall x1 |
| 19:23 | 105er.Buttermilch · wall_segment Palisade Wall x1 |
| 20:37 | NOC | komtan · age_up castle |
| 21:09 | NOC | komtan · first_building Monastery |
| 21:17 | NOC | komtan · first_building Castle |
| 21:50 | 105er.Buttermilch · age_up castle |
| 21:55 | 105er.Buttermilch · first_building Siege Workshop |
| 22:10 | 105er.Buttermilch · first_building Castle |
| 23:59 | NOC | komtan · first_building Siege Workshop |
| 29:43 | NOC | komtan · first_market_buy 100 food |
| 31:47 | 105er.Buttermilch · resign |
[ AI ANALYSIS · 1 CREDIT ]
What really happened in this match?
Wolo.gg analyzes every decision: build order, eco, micro, common mistakes by bracket. Personalized analysis on WhatsApp or Discord in 30 seconds.
Civ guide
Malians
Perfil
Jugador #223206